 Dungeon Crawl Stone Soup version 0.32-a0-995-gb4a59205af (webtiles) character file.

Game seed: 12509922191601775658

100 Fodor the Trooper (level 4, -7/41 HPs)
             Began as a Minotaur Fighter on Apr 23, 2024.
             Mangled by a gnoll
             ... wielding a +0 flail
              (8 damage)
             ... on level 2 of the Dungeon.
             The game lasted 00:05:35 (1160 turns).

Fodor the Trooper (Minotaur Fighter)                Turns: 1160, Time: 00:05:36

Health: -7/41      AC:  8    Str: 22    XL:     4   Next: 47%
Magic:  3/3        EV:  8    Int:  5    God:
Gold:   66         SH:  4    Dex: 10    Spells: 3/3 levels left

rFire   . . .        a - +0 war axe
rCold   . . .        c - +0 buckler
rNeg    . . .        b - +0 scale mail
rPois   .            (helmet restricted)
rElec   .            g - +0 cloak
rCorr   .            (no gloves)
SInv    .            (no boots)
Will    .....        (no amulet) Stlth
                     (no ring)
HPRegen 0.26/turn    (no ring)
MPRegen 0.08/turn

%: no passive effects
@: no status effects
A: horns 2, retaliatory headbutt
a: no special abilities


You were on level 2 of the Dungeon.
You visited 1 branch of the dungeon, and saw 2 of its levels.

You collected 66 gold pieces.

Inventory:

Hand Weapons
 a - a +0 war axe (weapon)
Armour
 b - a +0 scale mail (worn)
 c - a +0 buckler (worn)
 g - a +0 cloak (worn)
Scrolls
 e - a scroll of poison {unknown}
 f - a scroll of noise {unknown}
 h - 3 scrolls of teleportation {unknown}
 i - a scroll of amnesia {unknown}
 j - a scroll of vulnerability {unknown}
 k - a scroll of silence {unknown}
Potions
 d - a potion of might
 l - a potion of lignification {unknown}


   Skills:
 + Level 4.7 Fighting
 + Level 3.4 Axes
 + Level 4.4 Armour
 + Level 0.1 Dodging
 + Level 4.3 Shields


You had 3 spell levels left.
You didn't know any spells.
Your spell library contained the following spells:

 Spells                   Type           Power      Damage    Failure   Level
 Slow                     Hex            0%         N/A       86%         1
 Confusing Touch          Hex            0%         N/A       99%         3
 Inner Flame              Hex/Fire       0%         N/A       99%         3
 Vampiric Draining        Necr           0%         2d6       99%         3
 Irradiate                Conj/Alch      0%         3d11      100%        5
 Ignition                 Fire           0%         3d3       100%        8


Dungeon Overview and Level Annotations

Branches:
Dungeon (2/15)

Altars:
Cheibriados

Shops:
D:2 (


Innate Abilities, Weirdness & Mutations

You have a pair of horns on your head.
You reflexively headbutt those who attack you in melee.


Message History

The quokka bites you.
* * * LOW HITPOINT WARNING * * *
The quokka attacks as it pursues you! The quokka closely misses you.
The gnoll attacks as it pursues you! The gnoll misses you.
You furiously retaliate!
You headbutt the gnoll, but do no damage.
The quokka attacks as it pursues you! You block the quokka's attack.
The quokka closely misses you. The gnoll attacks as it pursues you!
The gnoll closely misses you. The quokka attacks as it pursues you!
The quokka barely misses you. The gnoll attacks as it pursues you!
The gnoll hits you with a +0 flail.
* * * LOW HITPOINT WARNING * * *
The quokka barely misses you. The quokka attacks as it pursues you!
You block the quokka's attack. The quokka attacks as it pursues you!
The quokka closely misses you. You furiously retaliate!
You headbutt the quokka!
You kill the quokka!
You open the door.
The gnoll hits you from afar with a +0 spear.
* * * LOW HITPOINT WARNING * * *
There is an open door here.
The gnoll attacks as it pursues you!
The gnoll hits you from afar with a +0 spear.
* * * LOW HITPOINT WARNING * * *
The gnoll hits you but does no damage. x2
You hit the gnoll.
The gnoll is moderately wounded.
You closely miss the gnoll. The gnoll closely misses you.
The gnoll hits you with a +0 spear.
* * * LOW HITPOINT WARNING * * *
The gnoll hits you with a +0 flail.
* * * LOW HITPOINT WARNING * * *
The gnoll hits you but does no damage.
Unknown command.
You slash the gnoll!
You kill the gnoll!
You hit the gnoll but do no damage. You closely miss the gnoll.
The gnoll hits you but does no damage. The gnoll barely misses you.
You block the gnoll's attack. The gnoll hits you with a +0 flail!
You die...

#.....###.......# ##.......÷.....
......# #.....).####.......).....
......# #...................._...
....g.# ####........#.####......#
......# ##.......#.# ##......
).##..# #.......#.# #...#..
†.##†.# ##......#.# #...#..
..##†.##########'####.## #...#.#
..##............@g.....## #.....#
#####...................###...ß..
...............g......#.#.......#
.....#................#.#.##...##
.....#................#.#.##....#
.....#................#.#.##..ß..
.....#................#...###...#
.....#................##>.####.##
.....#................##...##...#


You could see 2 gnolls.

Vanquished Creatures
  2 gnolls (D:2)
  4 adders (D:2)
  A dart slug (D:2)
  A ribbon worm (D:2)
  An orc (D:2)
  5 ball pythons
  A giant cockroach (D:2)
  7 goblins
  5 hobgoblins
  A quokka (D:2)
  5 bats
  2 frilled lizards (D:1)
  4 kobolds
  4 rats
43 creatures vanquished.

Notes
Turn   | Place    | Note
-------+----------+-------------------------------------------
     0 | D:1      | Fodor the Minotaur Fighter began the quest for the Orb.
     0 | D:1      | Reached XP level 1. HP: 19/19 MP: 0/0
   137 | D:1      | Reached XP level 2. HP: 27/27 MP: 1/1
   591 | D:2      | Found a snail-covered altar of Cheibriados.
   599 | D:2      | Reached XP level 3. HP: 33/33 MP: 2/2
   847 | D:2      | Identified the +1 leather armour of the Smoking Gods {rF++
                  | SInv Stlth+}
   947 | D:2      | Found Teos's Antique Weapon Shop.
   952 | D:2      | Reached XP level 4. HP: 39/41 MP: 3/3
  1158 | D:2      | HP: 1/41 [gnoll/+0 flail (6)]
  1160 | D:2      | Mangled by a gnoll

Illustrated notes

Levels and vault maps discovered:
D:1:      sevenhm_arrival_forest_fort_small_3, layout_rooms
D:2:      layout_basic, basic_altar, serial_shops, shop_statue, serial_bayou,
          serial_bayou_pond_b, serial_bayou_pond_c, serial_bayou_pond_d,
          serial_bayou_lagoon_a, minmay_misc_feat_four_crosses,
          serial_park_tiny_pond, grunt_decor_one_mirror

Skill      XL: |  1  2  3 |
---------------+----------+-----
Fighting       | 4 |  4.7
Armour         | 4 |  4.4
Shields        | 4 |  4.3
Axes           | 3 |  3.4
Dodging        | |  0.1

Action                     |  1- 3 |  4- 6 || total
---------------------------+-------+-------++-------
  Melee: War axe           |    72 |    19 ||    91
         Headbutt          |     8 |     2 ||    10
 Armour: Scale mail        |    66 |    43 ||   109
  Dodge: Dodged            |    33 |    21 ||    54
  Block: Buckler           |    19 |    14 ||    33

Table legend: (Time is in decaauts)
 A = Elapsed time spent in this place.
 B = Non-inter-level travel time spent in this place.
 C = Inter-level travel time spent in this place.
 D = Time resting spent in this place.
 E = Time spent auto-exploring this place.
 F = Levels seen in this place.
 G = Mean time per level.
                   A        B        C        D        E       F      G
               +--------+--------+--------+--------+--------+-----+--------+
         Total |   1202 |   1184 |     18 |      0 |    744 |   2 |  601.0 |
       Dungeon |   1202 |   1184 |     18 |      0 |    744 |   2 |  601.0 |
               +--------+--------+--------+--------+--------+-----+--------+

Top non-repeatable levels by time:
     D:2: 680 daAuts
     D:1: 522 daAuts
